 Dungeon Crawl Stone Soup version 0.29-a0-512-gf59ac788ac (webtiles) character file.

Game seed: 5250292044219020486

315 happo123 the Sneak (level 6, -11/44 HPs)
             Began as a Gnoll Enchanter on May 29, 2022.
             Mangled by a mummy (14 damage)
             ... in an ossuary.
             The game lasted 00:17:00 (3434 turns).

happo123 the Sneak (Gnoll Enchanter)                Turns: 3434, Time: 00:17:01

Health: -11/44     AC:  2    Str:  7    XL:     6   Next: 44%
Magic:  9/14       EV: 21    Int: 16    God:
Gold:   143        SH:  5    Dex: 13    Spells: 10/15 levels left

rFire   . . .      SeeInvis .   t - +0 long sword (pain)
rCold   . . .      Faith    .   (no shield)
rNeg    . . .      Spirit   .   b - +0 robe
rPois   .          Reflect  +   (no helmet)
rElec   .          Harm     .   (no cloak)
rCorr   .          Rampage  .   (no gloves)
Will    .....                   (no boots)
Stlth   +++.......              r - amulet of reflection
HPRegen 0.14/turn               p - +4 ring of evasion
MPRegen 0.14/turn               k - +4 ring of evasion

@: no status effects
A: fangs 1, strong nose, distributed training
a: no special abilities


You were in an ossuary.
You visited 1 branch of the dungeon, and saw 4 of its levels.
You also visited: Ossuary.

You collected 143 gold pieces.

Inventory:

Hand Weapons
 a - a +1 dagger
 t - a +0 long sword of pain (weapon)
Armour
 b - a +0 robe (worn)
Magical Staves
 f - a staff of air
 g - a staff of fire
Jewellery
 e - a ring of see invisible
 k - a +4 ring of evasion (right hand)
 n - an amulet of the acrobat
 p - a +4 ring of evasion (left hand)
 r - an amulet of reflection (around neck)
 w - an amulet of magic regeneration
Wands
 o - a wand of digging (5)
Scrolls
 d - 2 scrolls of magic mapping {unknown}
 h - a scroll of teleportation {unknown}
 j - a scroll of poison {unknown}
 l - 5 scrolls of identify {unknown}
 m - a scroll of vulnerability {unknown}
 s - 2 scrolls of amnesia {unknown}
 u - a scroll of enchant armour {unknown}
 x - 2 scrolls of noise {unknown}
 y - a scroll of fear {unknown}
Potions
 c - 4 potions of invisibility
 i - 2 potions of haste {unknown}
 q - 2 potions of heal wounds {unknown}
 v - 3 potions of berserk rage {unknown}
 z - 2 potions of attraction {unknown}
 A - 2 potions of degeneration {unknown}


   Skills:
 + Level 2.0 Fighting
 + Level 3.2 Short Blades
 + Level 2.0 Long Blades
 + Level 2.0 Axes
 + Level 2.0 Maces & Flails
 + Level 2.0 Polearms
 + Level 2.0 Staves
 + Level 2.0 Slings
 + Level 2.0 Bows
 + Level 2.0 Crossbows
 + Level 2.0 Throwing
 + Level 2.0 Armour
 + Level 5.0 Dodging
 + Level 6.3 Stealth
 + Level 2.0 Shields
 + Level 2.0 Unarmed Combat
 + Level 5.3 Spellcasting
 + Level 1.5 Conjurations
 + Level 5.6 Hexes
 + Level 1.5 Summonings
 + Level 1.5 Necromancy
 + Level 1.5 Translocations
 + Level 1.5 Transmutations
 + Level 1.5 Fire Magic
 + Level 1.5 Ice Magic
 + Level 1.5 Air Magic
 + Level 1.5 Earth Magic
 + Level 1.5 Poison Magic
 + Level 2.1 Invocations
 + Level 2.0 Evocations


You had 10 spell levels left.
You knew the following spells:

 Your Spells              Type           Power      Damage    Failure   Level
a - Ensorcelled Hibernat  Hex/Ice        30%        N/A       4%          2
b - Confusing Touch       Hex            22%        N/A       4%          3

Your spell library contained the following spells:

 Spells                   Type           Power      Damage    Failure   Level
 Tukima's Dance           Hex            22%        N/A       4%          3
 Dazzling Flash           Conj/Hex       30%        N/A       10%         3


Dungeon Overview and Level Annotations

Branches:
Dungeon (4/15)            Ossuary (1/1)
 Temple: D:4-7

Altars:

Shops:
D:3 =


Innate Abilities, Weirdness & Mutations

You have very sharp teeth.
Your uncanny sense of smell can sniff out nearby items.
Your experience applies equally to all skills.


Message History

The orc zombie is heavily damaged.
You block the orc zombie's attack.
You hit the orc zombie.
The orc zombie is severely damaged.
The orc zombie hits you but does no damage.
You hit the orc zombie.
You destroy the orc zombie!
The mummy seems less confused.
The mummy hits you.
You hit the mummy.
The mummy is moderately damaged.
The mummy misses you.
You barely miss the mummy. You bite the mummy, but do no damage.
The mummy is moderately damaged.
The mummy misses you.
The mummy hits itself.
The mummy closely misses you.
You slash the mummy! You bite the mummy, but do no damage.
The mummy is severely damaged.
You strike the helpless mummy from behind!
You hit the mummy.
The mummy is almost destroyed.
The mummy seems less confused.
The mummy hits you! The mummy barely misses you.
You barely miss the mummy.
The mummy is almost destroyed.
You block the mummy's attack. The mummy completely misses you.
Casting: Confusing Touch (dangerous; 4% risk of failure)
Confirm with . or Enter, or press ? or * to list all spells.
Your hands begin to glow red.
You block the mummy's attack.
You completely miss the mummy. You bite the mummy, but do no damage.
The mummy hits you.
You hit the mummy but do no damage. Your bite misses the mummy.
The mummy misses you. The mummy hits you.
* * * LOW HITPOINT WARNING * * *
You hit the mummy but do no damage.
The mummy appears confused.
You bite the mummy, but do no damage. The mummy closely misses you.
The mummy hits you.
* * * LOW HITPOINT WARNING * * *
You hit the mummy.
You destroy the mummy!
The mummy hits you!
You die...

... ##..## ....
...##....##....
...............
...............
..............#
+##........##+#
##......##
##....## ∆
#..@.# ∆ ∆∆
#.M..# ∆ #....#
∆ ∆∆ #....# ∆∆
∆∆ #....# ∆∆ ∆∆
#....# ∆∆∆ ∆∆
#....# ∆ ∆
#.∩∩.# ∆ ######


You could see a mummy (confused).

Vanquished Creatures
  An ice beast (D:4)
  2 orc priests (D:4)
  4 mummies (Ossuary)
  2 adders
  3 gnolls (D:2)
  3 worms
  8 orcs
  5 ball pythons
  4 bats
  5 endoplasms
  3 giant cockroaches
  A gnoll zombie (Ossuary)
  4 goblins
  5 hobgoblins
  2 jackals (D:3)
  4 quokkas
  A hobgoblin zombie (Ossuary)
  4 kobolds (D:2)
  3 kobold zombies (Ossuary)
  3 orc zombies (Ossuary)
  A rat (D:2)
68 creatures vanquished.

Notes
Turn   | Place    | Note
-------+----------+-------------------------------------------
     0 | D:1      | happo123 the Gnoll Enchanter began the quest for the Orb.
     0 | D:1      | Reached XP level 1. HP: 13/13 MP: 6/6
   504 | D:1      | Reached XP level 2. HP: 19/19 MP: 7/7
   512 | D:1      | Learned a level 2 spell: Ensorcelled Hibernation
  1171 | D:2      | Reached skill level 5 in Spellcasting
  1171 | D:2      | Reached XP level 3. HP: 14/25 MP: 3/9
  1178 | D:2      | Reached skill level 6 in Stealth
  1178 | D:2      | Reached skill level 1 in Invocations
  1574 | D:2      | Reached skill level 1 in Fighting
  1574 | D:2      | Reached skill level 1 in Long Blades
  1574 | D:2      | Reached skill level 1 in Axes
  1574 | D:2      | Reached skill level 1 in Maces & Flails
  1574 | D:2      | Reached skill level 1 in Polearms
  1574 | D:2      | Reached skill level 1 in Staves
  1574 | D:2      | Reached skill level 1 in Slings
  1574 | D:2      | Reached skill level 1 in Bows
  1574 | D:2      | Reached skill level 1 in Crossbows
  1574 | D:2      | Reached skill level 1 in Throwing
  1574 | D:2      | Reached skill level 1 in Armour
  1574 | D:2      | Reached skill level 1 in Shields
  1574 | D:2      | Reached skill level 1 in Unarmed Combat
  1574 | D:2      | Reached skill level 1 in Evocations
  1581 | D:2      | Learned a level 3 spell: Confusing Touch
  1771 | D:2      | Reached XP level 4. HP: 32/32 MP: 9/11
  2329 | D:3      | Found Tiott's Jewellery Shoppe.
  2587 | D:3      | Reached skill level 1 in Conjurations
  2587 | D:3      | Reached skill level 1 in Summonings
  2587 | D:3      | Reached skill level 1 in Necromancy
  2587 | D:3      | Reached skill level 1 in Translocations
  2587 | D:3      | Reached skill level 1 in Transmutations
  2587 | D:3      | Reached skill level 1 in Fire Magic
  2587 | D:3      | Reached skill level 1 in Ice Magic
  2587 | D:3      | Reached skill level 1 in Air Magic
  2587 | D:3      | Reached skill level 1 in Earth Magic
  2587 | D:3      | Reached skill level 1 in Poison Magic
  2946 | D:4      | Reached XP level 5. HP: 22/37 MP: 6/12
  3169 | D:4      | Noticed an ice beast
  3184 | D:4      | Killed an ice beast
  3185 | D:4      | Reached XP level 6. HP: 30/44 MP: 8/13
  3275 | D:4      | Found a sand-covered staircase.
  3282 | Ossuary  | Entered an ossuary
  3395 | Ossuary  | Reached skill level 5 in Dodging
  3434 | Ossuary  | Mangled by a mummy

Illustrated notes

Levels and vault maps discovered:
D:1:      lightli_arrival_flooded_house, layout_basic
D:2:      layout_rooms, minmay_misc_feat_more_columns, minmay_tetromino_i2
D:3:      layout_loops_ring, serial_shops,
          nicolae_shop_temple_entry_statues_fountains
D:4:      layout_loops_ring, mainiacjoe_overflow_chevrons,
          nicolae_ossuary_entry_monument, uniq_duvessa
Ossuary:  ossuary_tomb_3

Skill      XL: |  1  2  3  4  5  6 |
---------------+-------------------+-----
Spellcasting   | 5 |  5.3
Stealth        | 6 |  6.3
Invocations    | 1 2 |  2.1
Fighting       | 1 2 |  2.0
Long Blades    | 1 2 |  2.0
Axes           | 1 2 |  2.0
Maces & Flails | 1 2 |  2.0
Polearms       | 1 2 |  2.0
Staves         | 1 2 |  2.0
Slings         | 1 2 |  2.0
Bows           | 1 2 |  2.0
Crossbows      | 1 2 |  2.0
Throwing       | 1 2 |  2.0
Armour         | 1 2 |  2.0
Shields        | 1 2 |  2.0
Unarmed Combat | 1 2 |  2.0
Evocations     | 1 2 |  2.0
Conjurations   | 1 |  1.5
Summonings     | 1 |  1.5
Necromancy     | 1 |  1.5
Translocations | 1 |  1.5
Transmutations | 1 |  1.5
Fire Magic     | 1 |  1.5
Ice Magic      | 1 |  1.5
Air Magic      | 1 |  1.5
Earth Magic    | 1 |  1.5
Poison Magic   | 1 |  1.5
Short Blades   | 3 |  3.2
Dodging        | 5 |  5.0
Hexes          | |  5.6

Action                   |  1- 3 |  4- 6 || total
-------------------------+-------+-------++-------
Melee: Dagger            |    69 |    73 ||   142
       Bite              |     5 |    15 ||    20
       Long sword        |       |    40 ||    40
       Punch             |       |     1 ||     1
 Cast: Ensorcelled Hiber |    16 |    23 ||    39
       Confusing Touch   |       |     7 ||     7
 Stab: Sleeping          |    18 |    25 ||    43
       Confused          |       |     5 ||     5
       Distracted        |       |     1 ||     1
Armor: Robe              |    13 |     7 ||    20
Dodge: Dodged            |    59 |    73 ||   132
Block: Other             |       |    34 ||    34

Table legend: (Time is in decaauts)
 A = Elapsed time spent in this place.
 B = Non-inter-level travel time spent in this place.
 C = Inter-level travel time spent in this place.
 D = Time resting spent in this place.
 E = Time spent auto-exploring this place.
 F = Levels seen in this place.
 G = Mean time per level.
                   A        B        C        D        E       F      G
               +--------+--------+--------+--------+--------+-----+--------+
         Total |   3421 |   3013 |    408 |     51 |   2362 |   5 |  684.2 |
       Dungeon |   3263 |   2855 |    408 |      0 |   2362 |   4 |  815.8 |
       Ossuary |    158 |    158 |      0 |     51 |      0 |   1 |  158.0 |
               +--------+--------+--------+--------+--------+-----+--------+

Top non-repeatable levels by time:
     D:1: 1009 daAuts
     D:2: 959 daAuts
     D:3: 928 daAuts
     D:4: 366 daAuts
 Ossuary: 158 daAuts
